[ PARTIDA AOE2 · #476725655 ]
1v1 RMBritanos vs Hindustanis
Equipo del jugador · DERR
[ ANÁLISIS DE REPETICIÓN · EXTRAÍDO DE LA PARTIDA GRABADA ]
Feudal
9:50
Castillos
25:10
Imperial
—
| APM promedio | 29.1 |
| APM pico | 77 |
| eAPM promedio | 13.0 |
| Aldeanos / militares | 47 / 45 |
Foco
⚔️ 25.9% · 🌾 74.1%
Archer ×45
Feudal
12:37
Castillos
16:44
Imperial
—
| APM promedio | 28.2 |
| APM pico | 70 |
| eAPM promedio | 9.0 |
| Aldeanos / militares | 40 / 13 |
Foco
⚔️ 15.4% · 🌾 84.6%
Ghulam ×10 · Fishing Ship ×3 · Scorpion ×2 · Mangonel ×1
Mapa de la partida
Recursos iniciales + cada clic de construcción. Líneas = muros · curvas = relieve. ◆ oro · ⬟ piedra · ● bayas · ✦ reliquia · ◌ hueco del cierre
Tu base· Abierta — flanco sin cerrar
Base de GRIBYCH59· Abierta — flanco sin cerrar
Terreno inicial suavizado · ◌ = hueco del cierre detectado · pasá el cursor para detalles
Inputs por minuto
— Huefti - - GRIBYCH59
Build order — Huefti
144 acciones detectadas en el replay
| 0:01 | Crear | Villager (Male) |
| 0:02 | Crear | Villager (Male) |
| 0:02 | Crear | Villager (Male) |
| 0:03 | Construir | House |
| 0:05 | Construir | House |
| 1:01 | Crear | Villager (Male) |
| 1:33 | Crear | Villager (Male) |
| 1:59 | Crear | Villager (Male) |
| 2:14 | Construir | Lumber Camp |
| 2:16 | Crear | Villager (Male) |
| 2:43 | Crear | Villager (Male) |
| 2:47 | Crear | Villager (Male) |
| 3:33 | Crear | Villager (Male) |
| 4:02 | Crear | Villager (Male) |
| 4:10 | Construir | House |
| 4:33 | Construir | Mill |
| 5:05 | Crear | Villager (Male) |
| 5:06 | Crear | Villager (Male) |
| 5:06 | Crear | Villager (Male) |
| 5:49 | Investigar | Loom |
| 5:59 | Crear | Villager (Male) |
| 6:48 | Crear | Villager (Male) |
| 7:28 | Crear | Villager (Male) |
| 7:40 | Investigar | Feudal Age |
| 8:04 | Construir | House |
| 8:12 | Construir | Barracks |
| 8:47 | Crear | Villager (Male) |
| 8:47 | Crear | Villager (Male) |
| 8:51 | Construir | House |
| 9:50 | Edad | Edad Feudal |
| 9:51 | Investigar | Double-Bit Axe |
| 10:00 | Construir | Archery Range |
| 10:14 | Construir | Archery Range |
| 10:21 | Construir | Farm |
| 10:25 | Crear | Villager (Male) |
| 10:39 | Crear | Villager (Male) |
| 11:01 | Construir | Mining Camp |
| 11:05 | Crear | Villager (Male) |
| 11:09 | Crear | Archer |
| 11:37 | Construir | House |
| 11:38 | Construir | House |
| 11:49 | Construir | Farm |
| 12:03 | Crear | Villager (Male) |
| 12:08 | Crear | Villager (Male) |
| 12:28 | Crear | Archer |
| 12:32 | Crear | Villager (Male) |
| 12:57 | Crear | Archer |
| 13:05 | Construir | House |
| 13:10 | Construir | Blacksmith |
| 13:16 | Crear | Villager (Male) |
| 13:18 | Crear | Archer |
| 13:37 | Crear | Archer |
| 13:48 | Crear | Archer |
| 13:52 | Construir | Farm |
| 13:53 | Crear | Villager (Male) |
| 13:58 | Construir | Market |
| 14:01 | Construir | House |
| 14:02 | Construir | House |
| 14:05 | Construir | House |
| 14:13 | Crear | Villager (Male) |
| 14:22 | Construir | Farm |
| 14:23 | Crear | Villager (Male) |
| 14:31 | Crear | Archer |
| 14:36 | Crear | Archer |
| 14:48 | Construir | Farm |
| 15:03 | Crear | Villager (Male) |
| 15:38 | Crear | Archer |
| 15:39 | Crear | Archer |
| 15:39 | Crear | Archer |
| 15:39 | Crear | Archer |
| 15:40 | Crear | Archer |
| 15:40 | Crear | Villager (Male) |
| 15:41 | Crear | Villager (Male) |
| 15:44 | Construir | Farm |
| 15:47 | Construir | Farm |
| 16:02 | Crear | Archer |
| 16:02 | Crear | Archer |
| 16:15 | Crear | Archer |
| 16:16 | Crear | Archer |
| 16:22 | Crear | Villager (Male) |
| 16:27 | Construir | Farm |
| 16:45 | Construir | Farm |
| 16:46 | Crear | Villager (Male) |
| 16:47 | Crear | Archer |
| 17:15 | Crear | Archer |
| 17:15 | Crear | Archer |
| 17:18 | Construir | House |
| 17:19 | Construir | House |
| 17:20 | Crear | Villager (Male) |
| 17:21 | Crear | Villager (Male) |
| 17:27 | Crear | Villager (Male) |
| 17:31 | Construir | Farm |
| 17:34 | Construir | Farm |
| 17:42 | Crear | Villager (Male) |
| 17:49 | Crear | Archer |
| 17:49 | Crear | Archer |
| 17:53 | Crear | Villager (Male) |
| 18:14 | Investigar | Fletching |
| 18:48 | Construir | House |
| 18:50 | Crear | Villager (Male) |
| 18:56 | Construir | Farm |
| 18:56 | Construir | Farm |
| 18:56 | Construir | Farm |
| 18:58 | Construir | Farm |
| 19:00 | Crear | Villager (Male) |
| 19:22 | Construir | Farm |
| 19:41 | Construir | Mining Camp |
| 19:46 | Crear | Villager (Male) |
| 19:58 | Crear | Archer |
| 19:58 | Crear | Archer |
| 20:03 | Crear | Archer |
| 20:06 | Crear | Archer |
| 20:48 | Crear | Villager (Male) |
| 20:55 | Crear | Archer |
| 20:55 | Crear | Archer |
| 20:55 | Crear | Archer |
| 21:07 | Crear | Archer |
| 21:08 | Crear | Archer |
| 21:11 | Crear | Villager (Male) |
| 21:37 | Crear | Villager (Male) |
| 21:51 | Construir | Lumber Camp |
| 22:01 | Crear | Archer |
| 22:02 | Crear | Archer |
| 22:05 | Crear | Archer |
| 22:06 | Crear | Archer |
| 22:11 | Construir | House |
| 22:12 | Construir | House |
| 22:14 | Construir | House |
| 22:15 | Construir | House |
| 22:30 | Investigar | Castle Age |
| 23:11 | Crear | Archer |
| 23:13 | Crear | Archer |
| 23:23 | Crear | Archer |
| 23:23 | Crear | Archer |
| 23:37 | Crear | Villager (Male) |
| 23:38 | Crear | Villager (Male) |
| 24:47 | Crear | Archer |
| 24:48 | Crear | Archer |
| 24:48 | Crear | Archer |
| 24:48 | Crear | Archer |
| 24:56 | Investigar | Padded Archer Armor |
| 25:10 | Edad | Edad de los Castillos |
| 25:15 | Crear | Archer |
| 25:15 | Crear | Archer |
Build order — GRIBYCH59
88 acciones detectadas en el replay
| 0:03 | Construir | House |
| 0:05 | Construir | House |
| 0:09 | Crear | Villager (Male) |
| 0:09 | Crear | Villager (Male) |
| 0:10 | Crear | Villager (Male) |
| 0:10 | Crear | Villager (Male) |
| 0:12 | Investigar | Loom |
| 1:48 | Crear | Villager (Male) |
| 1:49 | Crear | Villager (Male) |
| 2:08 | Construir | Lumber Camp |
| 2:22 | Crear | Villager (Male) |
| 2:36 | Crear | Villager (Male) |
| 3:11 | Crear | Villager (Male) |
| 3:35 | Crear | Villager (Male) |
| 4:20 | Construir | Mill |
| 4:34 | Crear | Villager (Male) |
| 4:59 | Crear | Villager (Male) |
| 5:02 | Construir | House |
| 5:03 | Construir | House |
| 6:32 | Crear | Villager (Male) |
| 6:32 | Crear | Villager (Male) |
| 7:28 | Construir | Dock |
| 7:30 | Crear | Villager (Male) |
| 7:41 | Construir | Mill |
| 7:48 | Crear | Villager (Male) |
| 7:49 | Crear | Villager (Male) |
| 8:33 | Crear | Villager (Male) |
| 8:35 | Crear | Fishing Ship |
| 9:00 | Construir | House |
| 9:01 | Construir | House |
| 9:07 | Construir | House |
| 9:10 | Crear | Villager (Male) |
| 9:27 | Crear | Fishing Ship |
| 9:34 | Crear | Villager (Male) |
| 9:43 | Construir | House |
| 10:02 | Crear | Villager (Male) |
| 10:22 | Investigar | Feudal Age |
| 10:33 | Crear | Fishing Ship |
| 10:41 | Crear | Villager (Male) |
| 11:48 | Crear | Villager (Male) |
| 12:21 | Construir | Mining Camp |
| 12:37 | Edad | Edad Feudal |
| 12:52 | Construir | Market |
| 13:39 | Crear | Villager (Male) |
| 13:45 | Construir | Blacksmith |
| 14:04 | Investigar | Castle Age |
| 14:29 | Construir | Mining Camp |
| 15:31 | Construir | Watch Tower |
| 16:25 | Crear | Villager (Male) |
| 16:44 | Edad | Edad de los Castillos |
| 17:01 | Construir | Mill |
| 17:06 | Construir | Barracks |
| 17:41 | Crear | Villager (Male) |
| 17:42 | Crear | Villager (Male) |
| 17:54 | Construir | Mining Camp |
| 18:09 | Construir | Farm |
| 18:44 | Construir | Farm |
| 19:10 | Construir | Castle |
| 19:22 | Crear | Villager (Male) |
| 19:22 | Crear | Villager (Male) |
| 19:23 | Crear | Villager (Male) |
| 19:51 | Construir | Farm |
| 20:06 | Crear | Villager (Male) |
| 20:06 | Crear | Villager (Male) |
| 20:33 | Construir | Farm |
| 20:51 | Construir | Farm |
| 20:58 | Crear | Ghulam ×4 |
| 21:06 | Construir | Siege Workshop |
| 21:48 | Crear | Mangonel |
| 21:52 | Crear | Ghulam |
| 21:52 | Crear | Ghulam |
| 21:53 | Crear | Ghulam |
| 21:55 | Crear | Villager (Male) |
| 22:00 | Construir | Farm |
| 22:21 | Crear | Villager (Male) |
| 22:21 | Crear | Villager (Male) |
| 22:25 | Construir | Farm |
| 22:28 | Construir | Farm |
| 22:37 | Crear | Villager (Male) |
| 23:10 | Crear | Ghulam |
| 23:10 | Crear | Ghulam |
| 23:10 | Crear | Ghulam |
| 23:15 | Crear | Villager (Male) |
| 23:38 | Crear | Villager (Male) |
| 24:05 | Crear | Villager (Male) |
| 24:05 | Crear | Villager (Male) |
| 24:09 | Crear | Scorpion |
| 24:10 | Crear | Scorpion |
Cronología de la partida
| 7:28 | GRIBYCH59 · first_building Dock |
| 8:12 | Huefti · first_building Barracks |
| 9:50 | Huefti · age_up feudal |
| 10:00 | Huefti · first_building Archery Range |
| 12:37 | GRIBYCH59 · age_up feudal |
| 13:54 | GRIBYCH59 · first_market_sell 100 food |
| 16:12 | GRIBYCH59 · first_market_buy 100 stone |
| 16:44 | GRIBYCH59 · age_up castle |
| 17:06 | GRIBYCH59 · first_building Barracks |
| 19:10 | GRIBYCH59 · first_building Castle |
| 21:06 | GRIBYCH59 · first_building Siege Workshop |
| 25:10 | Huefti · age_up castle |
| 25:19 | Huefti · resign |
[ ANÁLISIS IA · 1 CRÉDITO ]
¿Qué pasó realmente en esta partida?
Wolo.gg analiza cada decisión: build order, eco, micro, errores típicos por bracket. Análisis personalizado por WhatsApp o Discord en 30 segundos.
Guía civ
Britanos
Guía mapa
MegaRandom
Perfil
Jugador #21567033